 Dungeon Crawl Stone Soup version 0.30.0-20-g3615ddf2f0 (webtiles) character file.

Game seed: 3287485683469550079

1176 qw the Chopper (level 8, -2/49 HPs)
             Began as a Gargoyle Fighter on May 30, 2023.
             Was an Initiate of Okawaru.
             Shot with an arrow by a centaur (9 damage)
             ... on level 6 of the Dungeon.
             The game lasted 00:02:03 (6259 turns).

qw the Chopper (Gargoyle Fighter)                   Turns: 6259, Time: 00:02:03

Health: -2/49      AC: 19    Str: 22    XL:     8   Next: 41%
Magic:  8/8        EV:  8    Int:  9    God:    Okawaru [......]
Gold:   235        SH:  4    Dex:  9    Spells: 7/7 levels left

rFire   + . .        Y - +0 war axe
rCold   . . .        c - +0 buckler
rNeg    + . .        n - +0 chain mail
rPois   inf          a - +0 helmet
rElec   +            (no cloak)
rCorr   .            (no gloves)
SInv    .            (no boots)
Will    .....        (no amulet) Stlth
                     e - +4 ring of protection
HPRegen 0.28/turn    j - ring of protection from fire
MPRegen 0.11/turn

%: no passive effects
@: no status effects
A: sickness immunity, AC +5, negative energy resistance 1, electricity
resistance, torment resistance 1, petrification resistance
a: Renounce Religion


You were on level 6 of the Dungeon.
You worshipped Okawaru.
Okawaru was noncommittal.
You visited 2 branches of the dungeon, and saw 7 of its levels.

You collected 235 gold pieces.


Innate Abilities, Weirdness & Mutations

You are immune to sickness and miasma.
Your stone body is resilient. (AC +5)
You are immune to poison.
You resist negative energy. (rN+)
You are resistant to electric shocks. (rElec)
You are resistant to unholy torment.
You are immune to petrification.


   Skills:
 - Level 5.1 Fighting
 + Level 7.4 Axes
 - Level 3.5 Throwing
 - Level 3.2 Armour
 - Level 1.1 Dodging
 - Level 3.2 Shields


You had 7 spell levels left.
You didn't know any spells.
Your spell library was empty.

Inventory:

Hand Weapons
 o - a +0 flail
 Y - a +0 war axe (weapon)
Missiles
 p - 3 silver boomerangs (quivered)
Armour
 a - a +0 helmet (worn)
 c - a +0 buckler (worn)
 n - a +0 chain mail (worn)
Jewellery
 e - a +4 ring of protection (left hand)
 j - a ring of protection from fire (right hand)
 l - a ring of resist corrosion
Scrolls
 k - a scroll of identify
Potions
 d - a potion of might
 f - a potion of curing
 g - a potion of attraction {unknown}
 h - 2 potions of lignification
 i - a potion of magic {unknown}
 m - a potion of mutation {unknown}

Dungeon Overview and Level Annotations

Branches:
Dungeon (6/15)             Temple (1/1) D:5

Altars:
Ashenzari
Elyvilon
Fedhas
Hepliaklqana
Kikubaaqudgha
Nemelex Xobeh
Okawaru
Qazlal
Ru
Sif Muna
Trog
Uskayaw
Vehumet
Xom
Zin


Message History

The bush is moderately damaged.
The centaur shoots an arrow.
The arrow hits you.
You slash the bush!
The bush is heavily damaged.
The centaur shoots an arrow.
You block the arrow.
The centaur shoots an arrow.
The arrow closely misses you.
You hit the bush but do no damage.
The bush is heavily damaged.
The centaur shoots an arrow.
You block the arrow.
The centaur shoots an arrow.
The arrow closely misses you.
You slash the bush!
The bush is heavily damaged.
The centaur shoots an arrow.
You block the arrow.
You hit the bush but do no damage.
The bush is heavily damaged.
The centaur shoots an arrow.
The arrow closely misses you.
The centaur shoots an arrow.
The arrow hits you but does no damage.
You hit the bush.
The bush is severely damaged.
The centaur shoots an arrow.
You block the arrow.
The centaur shoots an arrow.
The arrow hits you but does no damage.
You slash the bush!
The bush is severely damaged.
The centaur shoots an arrow.
The arrow hits you.
You hit the bush but do no damage.
The bush is severely damaged.
The centaur shoots an arrow.
You block the arrow.
The centaur shoots an arrow.
The arrow closely misses you.
You hit the bush.
The bush is severely damaged.
The centaur shoots an arrow.
The arrow hits you but does no damage.
The centaur shoots an arrow.
The arrow hits you but does no damage.
You slash the bush!
The bush is almost destroyed.
The centaur shoots an arrow.
The arrow barely misses you.
The centaur shoots an arrow.
The arrow barely misses you.
You hit the bush but do no damage.
The bush is almost destroyed.
The centaur shoots an arrow.
The arrow hits you!
You die...

####...##
#............######
##### ##......(....#
##............#
#.............##
#..............#
#..............#
#..............#
.##.###..........###
......%@.########%.####
...PPPP..# ###...## ..


PPcP.## ###... P_PP.# #### PP...# # PPP.# #### You could see a centaur.

Vanquished Creatures
  Grinder (D:4)
  Menkaure (D:4)
  An ice beast (D:6)
  A black bear (D:4)
  An ogre (D:5)
  A scorpion (D:6)
  An orc priest (D:5)
  4 hounds
  3 iguanas
  2 sleepcaps
  5 orc wizards
  Robin (D:4)
  4 adders
  A white imp (D:5)
  A worm (D:5)
  3 dart slugs
  13 orcs
  A bat (D:1)
  3 endoplasms
  2 giant cockroaches
  12 goblins
  9 hobgoblins
  7 jackals
  3 kobolds
  3 quokkas
  A ball python (D:4)
  A frilled lizard (D:3)
  A rat (D:2)
87 creatures vanquished.

Notes
Turn   | Place    | Note
-------+----------+-------------------------------------------
     0 | D:1      | qw the Gargoyle Fighter began the quest for the Orb.
     0 | D:1      | Reached XP level 1. HP: 14/14 MP: 1/1
     0 | D:1      | 0 ||| qw: Version: 0.2-a-102-g2b76a06
     0 | D:1      | 0 ||| qw: Game counter: 463
     0 | D:1      | 0 ||| qw: Always use a shield: true
     0 | D:1      | 0 ||| qw: God list: Okawaru
     0 | D:1      | 0 ||| qw: Allow faded altars: false
     0 | D:1      | 0 ||| qw: Do Orc after D:15 true
     0 | D:1      | 0 ||| qw: Do second Lair branch before Depths: true
     0 | D:1      | 0 ||| qw: Lair rune preference: random
     0 | D:1      | 0 ||| qw: Plans: Normal, Zot:1-4, Slime:5, God:TSO, Crypt,
                  | Tomb, Pan, Hells, Abyss, Win
     0 | D:1      | 0 ||| PLANNING D:1-11
    12 | D:1      | Noticed a black bear
    12 | D:1      | Noticed a hound
    12 | D:1      | Noticed an anaconda
    13 | D:1      | Noticed a swamp drake
    13 | D:1      | Noticed a snapping turtle
    52 | D:1      | Reached skill level 2 in Axes
   306 | D:1      | Reached XP level 2. HP: 15/19 MP: 2/2
   806 | D:1      | 806 ||| UPGRADING to +4 ring of protection.
   807 | D:1      | 807 ||| READING scroll labelled QEGHIA UMAD.
   808 | D:1      | 808 ||| READING scroll labelled CET DOEKKYETUY.
   809 | D:1      | 809 ||| READING scroll labelled NESUPLOIBB.
   813 | D:1      | 813 ||| READING scroll labelled ITUOMUPT ITEM.
   814 | D:1      | 814 ||| READING scroll labelled ICIPRU ALY.
   893 | D:2      | 893 ||| Stepping ~*~*~tactically~*~*~ (stealth).
   896 | D:2      | 896 ||| Stepping ~*~*~tactically~*~*~ (hiding).
   897 | D:2      | 897 ||| Stepping ~*~*~tactically~*~*~ (hiding).
   919 | D:2      | Reached skill level 3 in Axes
   922 | D:2      | 922 ||| FLEEEEING.
   944 | D:2      | Reached XP level 3. HP: 23/23 MP: 3/3
  1030 | D:2      | Found a faded altar of an unknown god.
  1268 | D:2      | 1268 ||| Stepping ~*~*~tactically~*~*~ (stealth).
  1347 | D:2      | 1347 ||| Stepping ~*~*~tactically~*~*~ (hiding).
  1614 | D:2      | Found a sparkling altar of Nemelex Xobeh.
  1728 | D:2      | 1728 ||| UPGRADING to ring of resist corrosion.
  1729 | D:2      | 1729 ||| UPGRADING to ring of protection from fire.
  1731 | D:2      | 1731 ||| DRINKING 2 bubbling blue potions.
  1732 | D:2      | 1732 ||| DRINKING 3 fizzy white potions.
  1783 | D:2      | 1783 ||| DROPPING potion of degeneration.
  1806 | D:3      | Reached XP level 4. HP: 22/28 MP: 4/4
  1873 | D:3      | 1873 ||| Stepping ~*~*~tactically~*~*~ (hiding).
  2008 | D:3      | Reached skill level 4 in Axes
  2168 | D:3      | 2168 ||| Stepping ~*~*~tactically~*~*~ (stealth).
  2555 | D:3      | 2555 ||| DROPPING +0 club.
  2802 | D:3      | 2802 ||| UPGRADING to +0 chain mail.
  2812 | D:3      | 2812 ||| DROPPING +0 scale mail.
  2813 | D:3      | 2813 ||| DROPPING ring of magical power.
  2814 | D:3      | 2814 ||| READING scroll labelled PIYCUNNOOW.
  2833 | D:4      | 2833 ||| PLANNING OSSUARY
  2841 | D:4      | 2841 ||| Stepping ~*~*~tactically~*~*~ (stealth).
  3029 | D:4      | Reached XP level 5. HP: 27/32 MP: 5/5
  3150 | D:4      | Noticed Grinder
  3165 | D:4      | 3165 ||| Stepping ~*~*~tactically~*~*~ (hiding).
  3169 | D:4      | Killed Grinder
  3170 | D:4      | Reached skill level 3 in Throwing
  3170 | D:4      | Reached XP level 6. HP: 37/37 MP: 6/6
  3302 | D:4      | Found a bloodstained altar of Trog.
  3396 | D:4      | 3396 ||| Stepping ~*~*~tactically~*~*~ (stealth).
  3397 | D:4      | Noticed Robin
  3398 | D:4      | 3398 ||| Stepping ~*~*~tactically~*~*~ (hiding).
  3399 | D:4      | 3399 ||| Stepping ~*~*~tactically~*~*~ (hiding).
  3408 | D:4      | Killed Robin
  3572 | D:4      | Noticed Menkaure
  3583 | D:4      | Killed Menkaure
  3584 | D:4      | Reached skill level 5 in Axes
  3584 | D:4      | Reached XP level 7. HP: 22/41 MP: 7/7
  3596 | D:4      | 3596 ||| RIP OSSUARY
  3654 | D:4      | 3654 ||| PLANNING D:1-11
  4290 | D:4      | 4290 ||| Stepping ~*~*~tactically~*~*~ (hiding).
  4425 | D:4      | 4425 ||| UPGRADING to +0 helmet.
  4430 | D:4      | 4430 ||| READING scroll labelled ILUFOOPOISS.
  4486 | D:5      | Entered Level 5 of the Dungeon
  4486 | D:5      | Found a glowing silver altar of Zin.
  4554 | D:5      | 4554 ||| Stepping ~*~*~tactically~*~*~ (hiding).
  4556 | D:5      | 4556 ||| Stepping ~*~*~tactically~*~*~ (hiding).
  4753 | D:5      | 4753 ||| Stepping ~*~*~tactically~*~*~ (hiding).
  4781 | D:5      | Reached skill level 6 in Axes
  4787 | D:5      | Reached skill level 1 in Dodging
  4908 | D:5      | HP: 2/44 [ogre/+0 giant spiked club (12)]
  5102 | D:5      | Found a staircase to the Ecumenical Temple.
  5103 | D:5      | 5103 ||| PLANNING TEMPLE
  5103 | D:5      | 5103 ||| READING scroll labelled REHICA HECIPPU.
  5135 | D:5      | 5135 ||| DRINKING 2 bubbling purple potions.
  5144 | Temple   | Entered the Ecumenical Temple
  5178 | Temple   | 5178 ||| PLANNING OKAWARU WORSHIP
  5390 | Temple   | Became a worshipper of Warmaster Okawaru
  5390 | Temple   | 5390 ||| PLANNING D:1-11
  5504 | D:5      | Reached XP level 8. HP: 25/48 MP: 8/8
  5624 | D:5      | 5624 ||| DRINKING potion of curing.
  5624 | D:5      | 5624 ||| (to cure confusion)
  5737 | D:5      | Found a stormy altar of Qazlal.
  5970 | D:6      | Reached skill level 7 in Axes
  6064 | D:6      | Found a shimmering altar of Xom.
  6234 | D:6      | Found a blossoming altar of Fedhas.
  6247 | D:6      | HP: 10/49 [centaur/arrow (10)]
  6255 | D:6      | HP: 6/49 [centaur/arrow (6)]
  6259 | D:6      | Shot with an arrow by a centaur

Levels and vault maps discovered:
D:1:      onia_arrival_zoo_common, layout_basic
D:2:      layout_loops_ring, shapermc_ecumenical_altar_starsandcircs,
          basic_altar, guppyfry_early_orc_mine
D:3:      layout_basic
D:4:      layout_layer_cave, lightli_temple_of_fire,
          nicolae_ossuary_entry_monument, uniq_menkaure, uniq_robin,
          uniq_grinder
D:5:      layout_gridville, zin_academy, grunt_qazlal_clouds,
          lemuel_temple_firewalk_b, minivault_14
D:6:      layout_cave_pods, fedhas_bush_and_centaur_altar, chei_slow_surprise,
          mainiacjoe_overflow_small_starburst
Temple:   jpeg_temple_island

Skill      XL: |  1  2  3  4  5  6  7  8 |
---------------+-------------------------+-----
Axes           | 2 3 4 5 6 7 |  7.4
Throwing       | 3 |  3.5
Fighting       | 4 5 |  5.1
Dodging        | 1 |  1.1
Armour         | |  3.2
Shields        | |  3.2

Action                     |  1- 3 |  4- 6 |  7- 9 || total
---------------------------+-------+-------+-------++-------
  Melee: War axe           |    60 |    78 |   158 ||   296
  Throw: Javelin           |       |     6 |    21 ||    27
         Boomerang         |       |       |     3 ||     3
    Use: Scroll            |     5 |     1 |     2 ||     8
         Potion            |     2 |       |     2 ||     4
 Armour: Scale mail        |    28 |    15 |       ||    43
         Chain mail        |       |    23 |   112 ||   135
  Dodge: Dodged            |    15 |    25 |    66 ||   106
  Block: Buckler           |     8 |    19 |    33 ||    60

Table legend:
 A = Non-vault XP
 B = Vault XP
 C = Vault XP percentage of total XP
 D = Non-vault monster count
 E = Vault monster count
 F = Vault count percentage of total count
                 A         B        C        D         E       F
            +---------+---------+-------+---------+---------+-------
      Total |    1211 |     469 |  27.9 |      70 |      17 |  19.5
            +---------+---------+-------+---------+---------+-------
        D:1 |      19 |       0 |   0.0 |      10 |       0 |   0.0
        D:2 |      46 |      16 |  25.8 |       5 |       7 |  58.3
        D:3 |      71 |       0 |   0.0 |      11 |       0 |   0.0
        D:4 |     286 |     453 |  61.3 |      16 |      10 |  38.5
        D:5 |     432 |       0 |   0.0 |      20 |       0 |   0.0
        D:6 |     357 |       0 |   0.0 |       8 |       0 |   0.0
            +---------+---------+-------+---------+---------+-------
